 Dungeon Crawl Stone Soup version 0.31.0-11-ge490571c62 (webtiles) character file.

Game seed: 12730958715680000007

1810 Rassilon the Trooper (level 9, -10/57 HPs)
             Began as a Gargoyle Fighter on Feb 1, 2024.
             Mangled by an orc warrior
             ... wielding a +0 trident
              (18 damage)
             ... in a bailey.
             The game lasted 00:23:29 (4771 turns).

Rassilon the Trooper (Gargoyle Fighter)             Turns: 4771, Time: 00:23:30

Health: -10/57     AC: 20    Str: 24    XL:     9   Next: 10%
Magic:  9/9        EV:  8    Int:  9    God:
Gold:   223        SH: 10    Dex: 11    Spells: 8/8 levels left

rFire   . . .        p - +11 hammer of the Shrinking Seer {drain, ^Fragile rN+++}
rCold   + . .        c - +0 buckler
rNeg    + + +        o - +1 chain mail
rPois   ∞            (no helmet)
rElec   +            b - +0 cloak
rCorr   .            (no gloves)
SInv    .            g - +0 pair of boots
Will    +....        f - amulet of reflection Stlth
                     z - ring of willpower
HPRegen 0.29/turn    (no ring)
MPRegen 0.11/turn

%: reflection
@: mighty
A: sickness immunity, AC +6, negative energy resistance 1, electricity
resistance, torment resistance 1, petrification resistance, thin skeletal
structure 1, cold resistance 1, evolution 1
a: no special abilities


You were in a bailey.
You visited 1 branch of the dungeon, and saw 7 of its levels.
You also visited: Bailey.

You collected 307 gold pieces.
You spent 84 gold pieces at shops.

Inventory:

Hand Weapons
 p - the +11 hammer of the Shrinking Seer (weapon) {drain, ^Fragile rN+++}
   (You found it on level 2 of the Dungeon)

   rN+++:     It renders you almost immune to negative energy.
   ^Fragile:  It will be destroyed if unequipped.
Missiles
 w - 3 atropa-tipped darts (quivered)
Armour
 b - a +0 cloak (worn)
 c - a +0 buckler (worn)
 g - a +0 pair of boots (worn)
 o - a +1 chain mail (worn)
Jewellery
 f - an amulet of reflection (around neck)
 z - a ring of willpower (left hand)
Scrolls
 e - a scroll of blinking
 i - 5 scrolls of teleportation
 u - a scroll of enchant armour
 y - 2 scrolls of fear
Potions
 d - 2 potions of mutation
 j - 2 potions of might
 l - a potion of attraction
 m - a potion of resistance
 n - 3 potions of curing
 q - a potion of haste {unknown}
 t - 4 potions of brilliance


   Skills:
 + Level 7.1 Fighting
 + Level 6.0 Maces & Flails
 + Level 7.1 Armour
 + Level 7.1 Shields


You had 8 spell levels left.
You didn't know any spells.
Your spell library contained the following spells:

 Spells                   Type           Power      Damage    Failure   Level
 Apportation              Tloc           0%         N/A       93%         1
 Slow                     Hex            0%         N/A       93%         1
 Jinxbite                 Hex            0%         N/A       98%         2
 Confusing Touch          Hex            0%         N/A       100%        3
 Hailstorm                Conj/Ice       0%         3d5       100%        3
 Sigil of Binding         Hex            0%         N/A       100%        3
 Summon Ice Beast         Ice/Summ       0%         N/A       100%        3
 Tukima's Dance           Hex            0%         N/A       100%        3
 Vampiric Draining        Necr           0%         2d6       100%        3
 Dimensional Bullseye     Hex/Tloc       0%         N/A       100%        4
 Iskenderun's Mystic Bla  Conj/Tloc      0%         2d3       100%        4
 Alistair's Intoxication  Alch           0%         N/A       100%        5
 Sculpt Simulacrum        Ice/Alch       0%         N/A       100%        6


Dungeon Overview and Level Annotations

Branches:
Dungeon (7/15)             Bailey (1/1)
 Temple: D:4-7

Altars:
Elyvilon
Hepliaklqana
Kikubaaqudgha
Makhleb
Qazlal

Shops:
D:1 !   D:6 !

Annotations:
D:5 3 runed translucent doors, awry's ghost, amateur MiBe


Innate Abilities, Weirdness & Mutations

You are immune to sickness and miasma.
Your stone body is resilient. (AC +6)
You are immune to poison.
You resist negative energy. (rN+)
You are resistant to electric shocks. (rElec)
You are resistant to unholy torment.
You are immune to petrification.
You have a somewhat thin skeletal structure. (Dex +2, Stealth+)
Your flesh is cold resistant. (rC+)
You have hidden genetic potential.


Message History

The orc warrior no longer looks unusually strong.
The orc knight hits you but does no damage.
The orc warrior hits you with a +0 halberd.
The orc warrior barely misses you.
You barely miss the orc knight.
The orc knight is severely wounded.
The orc knight roars a battlecry!
The orc warrior goes into a battle-frenzy!
The orc warrior hits you with a +0 halberd.
The orc warrior hits you but does no damage.
You bludgeon the orc knight!!
You kill the orc knight!
The orc warrior hits you with a +0 halberd.
You block the orc warrior's attack.
Your Fighting skill increases to level 7!
Your Armour skill increases to level 7!
Your Shields skill increases to level 7!
You have reached level 9!
Your experience leads to an increase in your attributes!
Your base attributes are Str 22, Int 9, Dex 9.
Increase (S)trength, (I)ntelligence, or (D)exterity?
You feel stronger. x2
You sock the orc warrior!
The orc warrior is heavily wounded.
The orc warrior hits you but does no damage.
You block the orc warrior's attack. x2
You sock the orc warrior! You drain the orc warrior.
You kill the orc warrior!
You block the orc warrior's attack. x2
The orc warrior hits you from afar with a +0 halberd!
Your Maces & Flails skill increases to level 6!
The orc warrior hits you with a +0 trident!
* * * LOW HITPOINT WARNING * * *
The orc warrior hits you but does no damage.
Things that are here:
a +0 halberd; a +0 plate armour You sock the orc warrior!
The orc warrior is heavily wounded.
The orc warrior hits you with a +0 trident!!
You die...

#.....#
##'''##
##.....##
#).)....#
#).#.#..#
#)))....#
#.......#
#.......#
##)@...##
#'oo''#
#.....#
.......#
#..(....#
#.....(.#
#.......#
#..(....#


You could see 2 orc warriors.

Vanquished Creatures
  An orc knight (Bailey)
  An ice beast (D:6)
  4 orc warriors (Bailey)
  An ogre (D:4)
  A bullfrog (D:6)
  2 scorpions
  2 bombardier beetles
  2 jellies
  4 hounds
  Crazy Yiuf (D:2)
  Jessica (D:2)
  An iguana (D:5)
  2 orc wizards (D:5)
  A sleepcap (D:6)
  Robin (D:3)
  4 adders
  A shadow imp (D:6)
  2 ufetubi (D:5)
  A dart slug (D:2)
  2 ribbon worms
  31 orcs
  4 ball pythons (D:1)
  5 endoplasms
  16 goblins
  7 hobgoblins
  3 jackals (D:1)
  4 quokkas
  5 bats
  A frilled lizard (D:1)
  7 kobolds
  A rat (D:2)
119 creatures vanquished.

Vanquished Creatures (others)
  2 bombardier beetles
2 creatures vanquished.

Grand Total: 121 creatures vanquished

Notes
Turn   | Place    | Note
-------+----------+-------------------------------------------
     0 | D:1      | Rassilon the Gargoyle Fighter began the quest for the Orb.
     0 | D:1      | Reached XP level 1. HP: 14/14 MP: 1/1
     7 | D:1      | Found Doxang's Distillery.
    88 | D:1      | Reached XP level 2. HP: 17/19 MP: 2/2
   487 | D:2      | Reached XP level 3. HP: 23/23 MP: 3/3
   582 | D:2      | Noticed Jessica
   585 | D:2      | Killed Jessica
   586 | D:2      | Reached XP level 4. HP: 25/29 MP: 4/4
   659 | D:2      | Found a burning altar of Makhleb.
   853 | D:2      | Found a runed translucent door.
   854 | D:2      | Noticed Crazy Yiuf
   861 | D:2      | Killed Crazy Yiuf
   871 | D:2      | Identified the +11 hammer of the Shrinking Seer {drain,
                  | ^Fragile rN+++}
  1209 | D:3      | Reached XP level 5. HP: 33/33 MP: 5/5
  1364 | D:3      | Found a hazy altar of Hepliaklqana.
  1395 | D:3      | Found a white marble altar of Elyvilon.
  1612 | D:3      | You fall into a shaft and drop 3 floors!
  1667 | D:5      | Entered Level 5 of the Dungeon
  1767 | D:5      | Reached XP level 6. HP: 17/39 MP: 6/6
  2269 | D:4      | Found a stormy altar of Qazlal.
  2435 | D:3      | Noticed Robin
  2449 | D:3      | Killed Robin
  2848 | D:4      | Reached skill level 5 in Fighting
  2848 | D:4      | Reached skill level 5 in Armour
  2848 | D:4      | Reached skill level 5 in Shields
  2848 | D:4      | Reached XP level 7. HP: 44/44 MP: 7/7
  3528 | D:5      | Found a runed translucent gate.
  3528 | D:5      | Found a runed translucent gate.
  3528 | D:5      | Found a runed translucent gate.
  3529 | D:5      | Noticed awry's ghost (amateur MiBe)
  3792 | D:6      | Found Yjiusolabb's Distillery.
  3808 | D:6      | Bought a potion of curing for 42 gold pieces
  3808 | D:6      | Bought a potion of attraction for 42 gold pieces
  3881 | D:6      | Reached XP level 8. HP: 51/51 MP: 8/8
  4021 | D:6      | Found an ancient bone altar of Kikubaaqudgha.
  4258 | D:7      | Found a flagged portal.
  4287 | Bailey   | Entered a bailey
  4343 | Bailey   | Reached skill level 5 in Maces & Flails
  4379 | Bailey   | Gained mutation: Your mind is acute. (Int +4, Str/Dex -1)
                  | [potion of mutation]
  4582 | Bailey   | Lost mutation: Your mind is acute. (Int +4, Str/Dex -1)
                  | [potion of mutation]
  4582 | Bailey   | Gained mutation: You are dopey. (Int -2) [potion of
                  | mutation]
  4582 | Bailey   | Gained mutation: You do not regenerate when monsters are
                  | visible. [potion of mutation]
  4583 | Bailey   | Lost mutation: You do not regenerate when monsters are
                  | visible. [potion of mutation]
  4583 | Bailey   | Lost mutation: You are dopey. (Int -2) [potion of mutation]
  4583 | Bailey   | Gained mutation: You have a somewhat thin skeletal
                  | structure. (Dex +2, Stealth+) [potion of mutation]
  4583 | Bailey   | Gained mutation: You have hidden genetic potential. [potion
                  | of mutation]
  4583 | Bailey   | Gained mutation: Your flesh is cold resistant. (rC+)
                  | [potion of mutation]
  4746 | Bailey   | Noticed an orc knight
  4767 | Bailey   | Killed an orc knight
  4768 | Bailey   | Reached XP level 9. HP: 36/57 MP: 9/9
  4771 | Bailey   | Mangled by an orc warrior

Illustrated notes

Levels and vault maps discovered:
D:1:      mrwooster_arrival_arrow, layout_rooms, serial_shops, shop
D:2:      layout_rooms, basic_altar, amcnicky_mini_corridor_feature,
          uniq_jessica, uniq_crazy_yiuf_cottage
D:3:      layout_loops_ring, mainiacjoe_overflow_two_lobes, patterned_corridor,
          uniq_robin
D:4:      layout_loops_corners, marbit_many_paths
D:5:      layout_basic, ebering_ghost_rock_garden
D:6:      layout_basic, mainiacjoe_overflow_alcove_1, serial_shops,
          nicolae_shop_crystal
D:7:      cheibrodos_fertilizer, layout_loops_cross,
          nicolae_overflow_crystal_walls, mainiacjoe_overflow_six_doors_small,
          minmay_temple_entry_antechambers, hellmonk_ghost_happy_afterlife,
          enter_bailey_5, chequers_serial_rivers_room_b, uniq_duvessa,
          uniq_prince_ribbit1
Bailey:   bailey_polearm_5, bailey

Skill      XL: |  1  2  3  4  5  6  7  8  9 |
---------------+----------------------------+-----
Fighting       | 4 5 7 |  7.1
Armour         | 4 5 7 |  7.1
Shields        | 4 5 7 |  7.1
Maces & Flails | 3 4 5 6 |  6.0

Action                     |  1- 3 |  4- 6 |  7- 9 || total
---------------------------+-------+-------+-------++-------
  Melee: Flail             |    79 |    25 |       ||   104
         Mace              |       |    93 |   104 ||   197
  Throw: Dart              |       |       |     6 ||     6
    Use: Scroll            |       |       |    16 ||    16
         Potion            |       |       |    15 ||    15
   Stab: Held in net/web   |       |     1 |       ||     1
 Armour: Scale mail        |    41 |     6 |       ||    47
         Chain mail        |       |    82 |   104 ||   186
         Skin              |       |       |    53 ||    53
  Dodge: Dodged            |    43 |    33 |    52 ||   128
  Block: Buckler           |    50 |    44 |   110 ||   204
         Reflection        |     1 |     2 |     2 ||     5
